 Dungeon Crawl Stone Soup version 0.31-a0-152-g6aa68a64a1 (webtiles) character file.

Game seed: 8309189938568048645

226 qw the Shooter (level 6, -4/57 HPs)
             Began as a Naga Hunter on June 10, 2023.
             Slain by a gnoll
             ... wielding a +0 halberd
             ... led by a gnoll bouda
              (10 damage)
             ... on level 4 of the Dungeon.
             The game lasted 00:01:17 (3137 turns).

qw the Shooter (Naga Hunter)                        Turns: 3137, Time: 00:01:17

Health: -4/57      AC:  4    Str: 13    XL:     6   Next: 1%
Magic:  6/6        EV:  9    Int:  9    God:
Gold:   114        SH:  0    Dex: 17    Spells: 5/5 levels left

rFire   . . .        Y - +0 shortbow (chaos)
rCold   . . .        (shield currently unavailable)
rNeg    . . .        c - +0 leather armour
rPois   +            a - +0 helmet
rElec   .            (no cloak)
rCorr   .            (no gloves)
SInv    +            (no barding)
Will    .....        f - amulet of regeneration
Stlth   ++           (no ring)
HPRegen 1.09/turn    (no ring)
MPRegen 0.10/turn

%: no passive effects
@: short of breath, weakened, very slow
A: AC +2, large, see invisible, deformed body, poison resistance, slowness 2,
spit poison 1, naga tail 1
a: Spit Poison


You were on level 4 of the Dungeon.
You visited 1 branch of the dungeon, and saw 4 of its levels.

You collected 114 gold pieces.


Innate Abilities, Weirdness & Mutations

Your serpentine skin is tough. (AC +2)
You have supernaturally acute eyesight. (SInv)
Armour fits poorly on your strangely shaped body.
Your system is resistant to poisons. (rPois)
You cover ground very slowly.
You can spit poison.
You have a snake-like lower body.


   Skills:
 - Level 3.7 Fighting
 + Level 5.7 Ranged Weapons
 - Level 1.5 Dodging
 - Level 1.5 Stealth


You had 5 spell levels left.
You didn't know any spells.
Your spell library was empty.

Inventory:

Hand Weapons
 Y - a +0 shortbow of chaos (weapon)
Armour
 a - a +0 helmet (worn)
 c - a +0 leather armour (worn)
Jewellery
 f - an amulet of regeneration (around neck)
Potions
 b - a potion of attraction {unknown}
 d - a potion of curing {unknown}
 e - a potion of degeneration {unknown}
 g - a potion of cancellation {unknown}

Dungeon Overview and Level Annotations

Branches:
Dungeon (4/15)
 Temple: D:4-7

Altars:
Fedhas
Qazlal
Ru
Yredelemnul


Message History

You shoot an arrow. The arrow closely misses the gnoll.
You shoot an arrow. The arrow hits the gnoll bouda.
The gnoll bouda is lightly wounded.
The gnoll barely misses you.
You shoot an arrow.
The arrow barely misses the gnoll bouda.
The gnoll barely misses you.
The gnoll bouda hits you with a +0 club.
The gnoll hits you with a +0 club!
You shoot an arrow.
The arrow hits the gnoll but does no damage.
The gnoll is almost dead.
The gnoll barely misses you.
The gnoll bouda hits you with a +0 club!
The gnoll hits you with a +0 club.
You shoot an arrow. The arrow barely misses the gnoll.
You have got your breath back.
The gnoll hits you from afar with a +0 halberd!
The gnoll bouda barely misses you. The gnoll hits you with a +0 club.
3135 ||| INVOKING Spit Poison.
Aiming: Spit Poison (1% risk of failure)
Press: ? - help, Shift-Dir - straight line, f/p - gnoll The splash of poison hits the gnoll.
The gnoll looks even sicker.
You kill the gnoll!
You hear a shout!
The gnoll hits you from afar with a +0 halberd!
The gnoll bouda gazes fiercely through you!
You feel your attacks grow feeble. The gnoll bouda closely misses you.
You have reached level 6!
Your skin feels tougher.
You shoot an arrow.
The arrow hits the gnoll bouda but does no damage.
The gnoll bouda is poisoned.
The gnoll bouda is lightly wounded.
The gnoll barely misses you.
The gnoll bouda hits you with a +0 club.
You shoot an arrow.
The arrow barely misses the gnoll bouda.
The gnoll hits you from afar with a +0 halberd!
You die...

### ...## ###
..... #..
......#.#####
......#.%...#
.......@g##<#
...#..#)#####
.... #.g.g.#
##.. #####g#
... .. .


You could see a gnoll bouda (very poisoned) and a gnoll (swift).

Vanquished Creatures
  A centaur (D:3)
  2 orc wizards (D:3)
  A gnoll (D:4)
  2 adders (D:3)
  2 dart slugs
  6 orcs (D:3)
  A bat (D:1)
  6 endoplasms
  6 giant cockroaches
  3 goblins
  2 hobgoblins
  3 jackals (D:3)
  4 quokkas
  6 ball pythons
  3 frilled lizards
  5 kobolds
  2 rats
55 creatures vanquished.

Notes
Turn   | Place    | Note
-------+----------+-------------------------------------------
     0 | D:1      | qw the Naga Hunter began the quest for the Orb.
     0 | D:1      | Reached XP level 1. HP: 19/19 MP: 1/1
     0 | D:1      | 0 ||| qw: Version: 0.2-a-122-gbc61b45
     0 | D:1      | 0 ||| qw: Game counter: 3552
     0 | D:1      | 0 ||| qw: Always use a shield: true
     0 | D:1      | 0 ||| qw: God list: Okawaru
     0 | D:1      | 0 ||| qw: Allow faded altars: false
     0 | D:1      | 0 ||| qw: Do Orc after D:15 true
     0 | D:1      | 0 ||| qw: Do second Lair branch before Depths: true
     0 | D:1      | 0 ||| qw: Lair rune preference: random
     0 | D:1      | 0 ||| qw: Plans: Normal
     0 | D:1      | 0 ||| PLANNING D:1-11
    68 | D:1      | 68 ||| INVOKING Spit Poison.
   139 | D:1      | 139 ||| INVOKING Spit Poison.
   271 | D:1      | 271 ||| INVOKING Spit Poison.
   276 | D:1      | 276 ||| INVOKING Spit Poison.
   341 | D:1      | 341 ||| INVOKING Spit Poison.
   347 | D:1      | Reached skill level 4 in Ranged Weapons
   347 | D:1      | Reached XP level 2. HP: 26/26 MP: 2/2
   431 | D:1      | 431 ||| INVOKING Spit Poison.
   437 | D:1      | 437 ||| INVOKING Spit Poison.
   503 | D:1      | 503 ||| INVOKING Spit Poison.
   901 | D:1      | 901 ||| INVOKING Spit Poison.
   904 | D:1      | 904 ||| INVOKING Spit Poison.
   971 | D:1      | 971 ||| INVOKING Spit Poison.
   983 | D:1      | 983 ||| READING scroll labelled BEUSTIU GIGOKK.
   984 | D:1      | 984 ||| DROPPING scroll of butterflies.
  1425 | D:2      | 1425 ||| INVOKING Spit Poison.
  1479 | D:2      | Reached XP level 3. HP: 32/32 MP: 3/3
  1529 | D:2      | 1529 ||| INVOKING Spit Poison.
  1534 | D:2      | 1534 ||| INVOKING Spit Poison.
  1555 | D:2      | 1555 ||| INVOKING Spit Poison.
  1561 | D:2      | 1561 ||| INVOKING Spit Poison.
  1630 | D:2      | 1630 ||| INVOKING Spit Poison.
  1801 | D:2      | 1801 ||| UPGRADING to +0 helmet.
  1806 | D:2      | 1806 ||| READING scroll labelled CEENNI BICLIL.
  1807 | D:2      | 1807 ||| READING scroll labelled OLUVVI OWOPP.
  1811 | D:2      | 1811 ||| READING scroll labelled UNGODENYFOF.
  1990 | D:3      | Found a blossoming altar of Fedhas.
  1991 | D:3      | 1991 ||| INVOKING Spit Poison.
  1996 | D:3      | 1996 ||| INVOKING Spit Poison.
  1997 | D:3      | 1997 ||| INVOKING Spit Poison.
  2004 | D:3      | 2004 ||| INVOKING Spit Poison.
  2006 | D:3      | HP: 8/32 [poisoned by an adder]
  2107 | D:3      | 2107 ||| INVOKING Spit Poison.
  2118 | D:3      | 2118 ||| INVOKING Spit Poison.
  2119 | D:3      | HP: 8/32 [orc/+0 short sword (2)]
  2120 | D:3      | Reached skill level 5 in Ranged Weapons
  2120 | D:3      | Reached XP level 4. HP: 10/39 MP: 4/4
  2123 | D:3      | 2123 ||| INVOKING Spit Poison.
  2124 | D:3      | HP: 7/39 [quokka (3)]
  2141 | D:3      | 2141 ||| INVOKING Spit Poison.
  2149 | D:3      | 2149 ||| INVOKING Spit Poison.
  2311 | D:3      | Noticed a centaur
  2314 | D:3      | Killed a centaur
  2315 | D:3      | Reached skill level 3 in Fighting
  2315 | D:3      | Reached XP level 5. HP: 31/50 MP: 5/5
  2353 | D:3      | 2353 ||| INVOKING Spit Poison.
  2358 | D:3      | 2358 ||| INVOKING Spit Poison.
  2409 | D:3      | Found a stormy altar of Qazlal.
  2414 | D:3      | 2414 ||| INVOKING Spit Poison.
  2424 | D:3      | 2424 ||| INVOKING Spit Poison.
  2443 | D:3      | 2443 ||| INVOKING Spit Poison.
  2520 | D:3      | 2520 ||| INVOKING Spit Poison.
  2523 | D:3      | 2523 ||| INVOKING Spit Poison.
  2529 | D:3      | 2529 ||| INVOKING Spit Poison.
  2533 | D:3      | 2533 ||| INVOKING Spit Poison.
  2577 | D:3      | 2577 ||| INVOKING Spit Poison.
  2621 | D:3      | Found a sacrificial altar of Ru.
  2753 | D:3      | 2753 ||| INVOKING Spit Poison.
  2871 | D:3      | Found a faded altar of an unknown god.
  2872 | D:3      | 2872 ||| INVOKING Spit Poison.
  2895 | D:3      | Found a basalt altar of Yredelemnul.
  3061 | D:3      | 3061 ||| INVOKING Spit Poison.
  3070 | D:3      | 3070 ||| UPGRADING to amulet of regeneration.
  3075 | D:3      | 3075 ||| READING scroll labelled VAODERGHUDD.
  3076 | D:3      | 3076 ||| READING scroll labelled QAFERU YG VELYK.
  3116 | D:4      | 3116 ||| INVOKING Spit Poison.
  3124 | D:4      | 3124 ||| INVOKING Spit Poison.
  3126 | D:4      | 3126 ||| Stepping ~*~*~tactically~*~*~ (outnumbered).
  3128 | D:4      | 3128 ||| INVOKING Spit Poison.
  3135 | D:4      | 3135 ||| INVOKING Spit Poison.
  3135 | D:4      | HP: 7/50 [gnoll/+0 halberd[a gnoll bouda] (8)]
  3136 | D:4      | Reached XP level 6. HP: 9/57 MP: 6/6
  3137 | D:4      | Slain by a gnoll

Levels and vault maps discovered:
D:1:      minmay_arrival_wavy_path, layout_loops_corners, minmay_door_square
D:2:      layout_loops_corners, minmay_worlds_worst_comb
D:3:      layout_basic, grunt_temple_overflow_forces_of_nature,
          nicolae_overflow_ecumenical_swirl, nicolae_ru_the_path_less_chosen
D:4:      layout_basic, nemelex_xobeh_ov_fountains_minmay, uniq_natasha,
          uniq_duvessa

Skill      XL: |  1  2  3  4 |
---------------+-------------+-----
Ranged Weapons | 4 5 |  5.7
Fighting       | 3 |  3.7
Dodging        | |  1.5
Stealth        | |  1.5

Action                     |  1- 3 |  4- 6 || total
---------------------------+-------+-------++-------
   Fire: Shortbow          |    63 |    71 ||   134
Ability: Spit Poison       |    22 |    20 ||    42
    Use: Scroll            |     4 |     2 ||     6
 Armour: Leather armour    |    14 |     2 ||    16
  Dodge: Dodged            |    19 |    21 ||    40

Table legend:
 A = Non-vault XP
 B = Vault XP
 C = Vault XP percentage of total XP
 D = Non-vault monster count
 E = Vault monster count
 F = Vault count percentage of total count
                 A         B        C        D         E       F
            +---------+---------+-------+---------+---------+-------
      Total |     316 |       8 |   2.5 |      51 |       4 |   7.3
            +---------+---------+-------+---------+---------+-------
        D:1 |      25 |       0 |   0.0 |      13 |       0 |   0.0
        D:2 |      13 |       8 |  38.1 |       7 |       4 |  36.4
        D:3 |     262 |       0 |   0.0 |      29 |       0 |   0.0
        D:4 |      16 |       0 |   0.0 |       2 |       0 |   0.0
            +---------+---------+-------+---------+---------+-------
